Map: Orbital Shipyard

Players

PiLiPiLi

  • Race: Protoss Protoss
  • League: Platinum

LiquidMaNa (MaNa) - Winner!

  • Race: Protoss Protoss
  • League: Grandmaster

Event: 2016 WCS Winter Circuit Championship

VOD

Have the link to the VOD?

Description

Time

  • Played on: March 2, 2016, 8:24 a.m.
  • Length: 5:59

All games in this series

Show
View Real Time Build Order
Export as new Build Order

PiLiPiLi Protoss 

Build Orders: Nexus First 

Get SALT Encoding   

  12  0:01  Probe (Chrono Boost)  
  13  0:11  Probe (Chrono Boost)  
  14  0:17  Pylon  
  14  0:22  Probe (Chrono Boost)  
  15  0:36  Probe (Chrono Boost)  
  16  0:46  Probe (Chrono Boost)  
  17  1:02  Nexus  
  17  1:05  Probe (Chrono Boost)  
  18  1:13  Gateway  
  18  1:17  Probe (Chrono Boost)  
  19  1:23  Pylon  
  19  1:28  Assimilator  
  19  1:31  Probe (Chrono Boost)  
  20  1:38  Assimilator  
  20  1:42  Probe (Chrono Boost)  
  21  1:52  Probe (Chrono Boost)  
  22  1:59  Gateway  
  22  2:02  Cybernetics Core  
  22  2:04  Probe (Chrono Boost)  
  23  2:14  Zealot (Chrono Boost)  
  25  2:30  Probe  
  25  2:31  Probe  
  25  2:34  Pylon  
  26  2:38  Warp Gate (Chrono Boost)  
  26  2:40  Probe  
  28  2:48  Mothership Core  
  28  2:50  Adept (Chrono Boost)  
  31  2:54  Adept (Chrono Boost)  
  31  2:57  Probe  
  34  3:09  Probe x2  
  36  3:18  Pylon  
  36  3:21  Probe x2  
  38  3:31  Stalker (Chrono Boost)  
  38  3:39  Stalker (Chrono Boost)  
  38  3:41  Probe  
  37  3:42  Probe  
  33  3:53  Probe  
  33  4:02  Stalker (Chrono Boost)  
  33  4:08  Probe  
  30  4:19  Probe (Chrono Boost)  
  30  4:21  Probe (Chrono Boost)  
  31  4:29  Twilight Council  
  31  4:30  Probe (Chrono Boost)  
  32  4:43  Stalker  
  32  4:45  Probe (Chrono Boost)  
  30  4:54  Stalker  
  24  5:05  Probe (Chrono Boost)  
Show
View Real Time Build Order
Export as new Build Order

LiquidMaNa Protoss - Winner!

Build Orders: Oracle Opening 

Get SALT Encoding   

  12  0:00  Probe (Chrono Boost)  
  13  0:11  Probe (Chrono Boost)  
  14  0:17  Pylon  
  14  0:22  Probe (Chrono Boost)  
  15  0:35  Probe (Chrono Boost)  
  16  0:38  Gateway  
  16  0:41  Assimilator  
  16  0:45  Probe (Chrono Boost)  
  17  0:56  Probe (Chrono Boost)  
  18  1:07  Probe (Chrono Boost)  
  19  1:17  Probe (Chrono Boost)  
  20  1:28  Probe (Chrono Boost)  
  20  1:29  Cybernetics Core  
  21  1:32  Assimilator  
  21  1:34  Pylon  
  21  1:38  Probe (Chrono Boost)  
  22  1:46  Pylon  
  22  1:52  Pylon  
  22  1:56  Probe (Chrono Boost)  
  23  2:06  Warp Gate  
  23  2:07  Mothership Core (Chrono Boost)  
  25  2:15  Stalker (Chrono Boost)  
  27  2:25  Probe  
  28  2:37  Nexus  
  28  2:45  Probe (Chrono Boost)  
  28  2:51  Stargate  
  30  2:58  Probe (Chrono Boost)  
  30  3:12  Pylon  
  30  3:13  Pylon  
  30  3:14  Pylon  
  29  3:26  Probe (Chrono Boost)  
  30  3:36  Probe (Chrono Boost), Oracle (Chrono Boost)  
  34  3:48  Probe  
  35  3:59  Gateway  
  35  4:01  Probe  
  36  4:13  Probe  
  36  4:16  Oracle (Chrono Boost)  
  40  4:20  Mothership Core  
  40  4:25  Probe  
  40  4:26  Robotics Facility  
  41  4:37  Probe  
  41  4:38  Pylon  
  42  4:39  Probe  
  42  4:45  Pylon  
  43  4:49  Probe  
  43  4:50  Probe  
  45  4:56  Stalker  
  47  5:01  Probe  
  47  5:05  Probe  
  47  5:06  Stalker  
  50  5:13  Probe  
  50  5:16  Probe  
  50  5:25  Probe  
Tags
 
Add a new tag
Caveats
  • Supply blocks, unpowered buildings, or Contaminate may cause inaccurate times.
  • Supply counts are checked every 10 seconds.